Match 33884675
Unlisted

Match 33884675
End
Construct Barracks
Engineer Squad
Selects Advanced Infantry Battlegroup
Riflemen Squad
Riflemen Squad
Riflemen Squad
Construct Weapon Support Center
Selects Convert to Ranger Squad
Convert to Ranger Squad
Selects Designate Assault Position
Infantry Support Center
Ranger Squad
Construct Medical Station
Manstory007
meanneam
gUi
IZaiets
CzarnyWilk_PL
Toilet-Cleaner
pppppeter
haog11
0
0

Comments sign in to comment!

No comments posted yet!